 Dungeon Crawl Stone Soup version 0.22.1-2-g9c5b331 (webtiles) character file.

30331 MalarOregon the Spear-Bearer (level 13, -1/103 HPs)
             Began as a Merfolk Gladiator on Nov 21, 2018.
             Was a High Priest of Nemelex Xobeh.
             Killed from afar by a twister (7 damage)
             ... with a tornado
             ... summoned by a card of wild magic
             ... on level 5 of the Lair of Beasts.
             The game lasted 00:44:01 (21982 turns).

MalarOregon the Spear-Bearer (Merfolk Gladiator)   Turns: 21982, Time: 00:44:03

Health: -1/103     AC: 15    Str: 21    XL:     13   Next: 51%
Magic:  25/25      EV: 17    Int:  7    God:    Nemelex Xobeh [*****.]
Gold:   957        SH:  0    Dex: 18    Spells: 28/28 levels left

rFire    + . .     SeeInvis .   a - +0 trident (freeze)
rCold    + . .     Gourm    .   C - +1 shield
rNeg     + . .     Faith    .   O - +6 scale mail {rC+}
rPois    .         Spirit   .   p - +0 helmet
rElec    .         Reflect  .   K - +0 cloak
rCorr    +         Harm     .   (no gloves)
MR       .....                  J - +0 pair of boots
Stlth    ..........             t - amulet of magic regeneration
HPRegen  0.27/turn              N - ring "Ydoino" {rF+ rN+ Str+5 Int-4 Dex+3}
MPRegen  0.44/turn              B - ring of resist corrosion

@: sleeping, flying (expiring)
A: change form in water, swift swim, stealthy swim
a: Triple Draw, Deal Four, Stack Five, Renounce Religion


You were on level 5 of the Lair of Beasts.
You worshipped Nemelex Xobeh.
Nemelex Xobeh was extremely pleased with you.
You were very hungry.

You visited 3 branches of the dungeon, and saw 16 of its levels.

You collected 1105 gold pieces.
You spent 148 gold pieces at shops.

Inventory:

Hand Weapons
 a - a +0 trident of freezing (weapon)
 b - a -2 blowgun
   (You took it off Sonja on level 1 of the Lair of Beasts)
Missiles
 d - 3 throwing nets {!f}
 q - 12 curare-tipped needles {!f}
 A - 11 tomahawks (quivered)
 S - 27 poisoned needles
 V - 6 needles of frenzy
Armour
 p - a +0 helmet (worn)
 C - a +1 shield (worn)
   (You found it on level 4 of the Dungeon)
 J - a +0 pair of boots (worn)
   (You found it on level 7 of the Dungeon)
 K - a +0 cloak (worn)
   (You found it on level 8 of the Dungeon)
 O - a +6 scale mail of cold resistance (worn)
   (You found it on level 10 of the Dungeon)
 T - the +1 leather armour "Vipt" {rC+}
   (You found it on level 9 of the Dungeon)

   It protects you from cold.
Jewellery
 s - an uncursed ring of ice
   (You found it on level 2 of the Dungeon)
 t - an amulet of magic regeneration (around neck)
   (You found it on level 5 of the Dungeon)
 z - an uncursed ring of see invisible
   (You found it on level 9 of the Dungeon)
 B - a ring of resist corrosion (right hand)
   (You found it on level 6 of the Dungeon)
 N - the ring "Ydoino" (left hand) {rF+ rN+ Str+5 Int-4 Dex+3}
   (You found it on level 10 of the Dungeon)

   [ring of protection from fire]

   It affects your strength (+5).
   It affects your intelligence (-4).
   It affects your dexterity (+3).
   It protects you from fire.
   It protects you from negative energy.
 Q - an uncursed ring of poison resistance
   (You found it on level 10 of the Dungeon)
Wands
 n - a wand of polymorph (7)
   (You found it on level 4 of the Lair of Beasts)
Scrolls
 i - 13 scrolls of remove curse {@r2}
 l - 6 scrolls of magic mapping
 m - a scroll of fog
 F - 5 scrolls of teleportation {@r4}
 I - 8 scrolls of identify {@r1}
Potions
 c - a potion of haste {@q3}
 f - 2 potions of flight
 g - 2 potions of resistance
 o - 2 potions of heal wounds {@q2}
 u - a potion of invisibility
 v - 4 potions of brilliance
 x - 4 potions of agility
 D - a potion of curing {@q1}
 H - 3 potions of might
 P - 2 potions of berserk rage
Miscellaneous
 h - an ornate deck of escape
   (Nemelex Xobeh gifted it to you on level 2 of the Lair of Beasts)
 j - a plain deck of escape {drawn: 7}
   (Nemelex Xobeh gifted it to you on level 6 of the Dungeon)
 r - an ornate deck of escape
   (Nemelex Xobeh gifted it to you on level 1 of the Lair of Beasts)
 w - a plain deck of escape
   (Nemelex Xobeh gifted it to you on level 3 of the Lair of Beasts)
 y - a plain deck of summoning
   (Nemelex Xobeh gifted it to you on level 4 of the Lair of Beasts)
 E - an ornate deck of escape
   (Nemelex Xobeh gifted it to you on level 1 of the Lair of Beasts)
 G - a lamp of fire
   (You found it on level 10 of the Dungeon)
 L - an ornate deck of summoning
   (Nemelex Xobeh gifted it to you on level 3 of the Lair of Beasts)
 M - a legendary deck of summoning {drawn: 7}
   (Nemelex Xobeh gifted it to you on level 8 of the Dungeon)
 W - a plain deck of destruction
   (Nemelex Xobeh gifted it to you on level 1 of the Lair of Beasts)
Comestibles
 e - 26 rations {!d}


   Skills:
 + Level 10.0 Fighting
 - Level 14.0 Polearms
 + Level 9.1 Throwing
 + Level 12.0 Dodging
 + Level 8.3 Shields
 + Level 8.2 Spellcasting
 - Level 4.2 Invocations
 - Level 5.1 Evocations


You had 28 spell levels left.
You didn't know any spells.
Your spell library contained the following spells:

 Spells                   Type           Power        Failure   Level  Hunger
 Animate Skeleton         Necr           N/A          82%         1    None
 Apportation              Tloc           #.....       82%         1    None
 Confusing Touch          Hex            #.....       82%         1    None
 Magic Dart               Conj           #...         82%         1    None
 Pain                     Necr           #...         82%         1    None
 Summon Small Mammal      Summ           #...         82%         1    None
 Searing Ray              Conj           #.....       91%         2    ##.....
 Confuse                  Hex            #.......     99%         3    ###....
 Dazzling Spray           Conj/Hex       #.....       99%         3    ###....
 Gell's Gravitas          Tloc           #.........   99%         3    ###....
 Regeneration             Chrm/Necr      #.........   99%         3    ###....
 Vampiric Draining        Necr           #.........   99%         3    ###....
 Animate Dead             Necr           N/A          100%        4    ####...
 Force Lance              Conj/Tloc      #.......     100%        4    ####...
 Fulminant Prism          Conj/Hex       #.........   100%        4    ####...
 Iskenderun's Mystic Bla  Conj           #.......     100%        4    ####...
 Petrify                  Tmut/Erth      #.......     100%        4    ####...
 Metabolic Englaciation   Hex/Ice        #.........   100%        5    ######.
 Yara's Violent Unravell  Hex/Tmut       #.........   100%        5    ######.


Dungeon Overview and Level Annotations

Branches:
Dungeon (10/15)            Temple (1/1) D:4            Lair (5/6) D:9
  Swamp (0/4) Lair:3       Spider (0/4) Lair:3          Orc (0/2) D:9
  Slime: Lair:5-6

Altars:
Ashenzari
Cheibriados
Dithmenos
Elyvilon
Fedhas
Gozag
Hepliaklqana
Kikubaaqudgha
Makhleb
Nemelex Xobeh
Okawaru
Qazlal
Ru
Sif Muna
Trog
Uskayaw
Vehumet
Wu Jian
Xom
Yredelemnul
Zin
The Shining One

Shops:
D:5 *   D:7 :   D:10 [


Message History

There is a sudden explosion of magical energy!
The explosion engulfs the crocodile.
The crocodile dies!
The explosion engulfs the dream sheep.
The dream sheep dies!
The explosion engulfs the plant.
The explosion engulfs you!
* * * LOW HITPOINT WARNING * * *
The explosion engulfs the crocodile.
The explosion engulfs the fungus.
The explosion engulfs the blink frog.
The blink frog dies!
The explosion engulfs the blink frog.
The blink frog dies!
The crocodile is caught in an explosion of flying shrapnel!
The explosion engulfs the crocodile.
The crocodile dies!
The explosion engulfs the dream sheep.
The explosion engulfs you!
The explosion engulfs the fungus.
The fungus is destroyed!
There is a sudden explosion of magical energy!
The explosion engulfs the blink frog.
The blink frog dies!
The dream sheep is caught in an explosion of flying shrapnel!
The explosion engulfs the dream sheep. x2
The dream sheep dies!
The explosion engulfs the blink frog.
The vortex of raging winds lifts you up.
You fly up into the air.
A huge vortex of air appears!
There is a sudden explosion of magical energy!
The explosion engulfs the dream sheep. x2; You feel a bit more experienced.
The explosion engulfs the blink frog.
The blink frog dies!
Your Fighting skill increases to level 10!
The explosion engulfs the dream sheep.
The dream sheep dies!
The explosion engulfs your twister.
The explosion engulfs the dream sheep.
The dream sheep dies!
The explosion engulfs the blink frog.
The blink frog dies!
The dream sheep looks as sick as possible!
The dream sheep looks incredibly sick.
You feel a surge of magic.
You hear a loud, deep croak! x2; You hear an angry hiss.
The dream sheep shake their wool and sparkle.
You feel drowsy...
You fall asleep.
You float gracefully downwards.
The dream sheep dies!
Your Dodging skill increases to level 12!
The vortex of raging winds lifts you up.
You fly up into the air.
You die...
Your body glows slightly and disappears.

..## ..##...... ...#
#......... ...#####
#####...#.....
...##..####P.#..........
........................
......##.#......F.......
.......#...P..#.........
.......##...######..†...
........#P..##P§@.§.....
.............#§#§§......
...............§v§......
..............§§§#§.....
.......#...§#.§#P....
............... ....#
.P............. .....
.......... ....


You could see a friendly twister.

Vanquished Creatures
  Josephine (Lair:4)
  4 hydras
  An alligator (Lair:3)
  Pikel (D:5)
  An orange crystal statue (D:10)
  A black mamba (Lair:3)
  An ice statue (D:10)
  A gargoyle (D:10)
  6 spiny frogs
  3 komodo dragons
  A polar bear (D:8)
  Prince Ribbit (D:8)
  3 hippogriffs
  5 blink frogs
  A bog body (Lair:3)
  Sigmund (D:3)
  A redback (Lair:3)
  A spriggan (D:10)
  A hog (Lair:3)
  A human (D:2)
  24 yaks
  2 hungry ghosts
  2 acid dragons (Lair:3)
  12 water moccasins
  A swamp worm (Lair:3)
  11 porcupines
  2 sky beasts
  3 orc warriors
  A slave (D:5)
  A black bear (Lair:4)
  A phantom (D:6)
  7 ice beasts
  A necrophage (D:10)
  7 wolves
  An ogre (D:5)
  8 centaurs
  3 crocodiles
  2 big kobolds (D:3)
  6 bullfrogs
  2 scorpions
  A water moccasin skeleton (D:7)
  7 wights
  2 electric eels
  2 howler monkeys
  7 crimson imps
  2 jellies
  A quasit (D:5)
  6 orc priests
  3 bullfrog skeletons
  14 orc wizards
  11 hounds
  An iguana (D:6)
  2 worker ants (D:4)
  Ijyb (D:3)
  A hound zombie (D:9)
  A killer bee simulacrum (D:8)
  A hound skeleton (D:10)
  A worker ant zombie (D:6)
  4 gnolls
  13 adders
  2 shadow imps
  2 white imps (D:8)
  An ufetubus (D:8)
  An ooze (D:2)
  An adder zombie (D:8)
  2 adder skeletons
  3 worms
  A dart slug (D:1)
  3 leopard geckos
  36 orcs
  8 bats
  A giant cockroach (D:2)
  5 goblins
  11 hobgoblins
  6 quokkas
  2 ball pythons
  2 frilled lizards
  A goblin zombie (D:2)
  A jackal zombie (D:2)
  12 kobolds
  A leopard gecko skeleton (D:9)
  2 leopard gecko zombies
  6 rats
324 creatures vanquished.

Vanquished Creatures (collateral kills)
  6 death yaks (Lair:5)
  Sonja (Lair:1)
  2 spiny frogs
  A komodo dragon (Lair:4)
  Grinder (D:5)
  A dream sheep (Lair:5)
  3 blink frogs (Lair:5)
  4 wraiths (Lair:4)
  10 yaks
  3 water moccasins
  3 orc warriors
  An ogre (D:9)
  2 bullfrogs
  An orc priest (D:9)
  A jelly (D:9)
  A shadow imp (D:9)
  7 orcs
  A fungus (Lair:4)
49 creatures vanquished.

Vanquished Creatures (others)
  A bog body (Lair:3)
  5 dream sheep (Lair:5)
  5 blink frogs (Lair:5)
  A swamp worm (Lair:3)
  A swamp drake (D:9)
  2 slaves (D:5)
  A centaur (D:5)
  2 crocodiles (Lair:5)
  A worm (D:5)
  A quokka (D:8)
  8 fungi
  24 plants
52 creatures vanquished.

Grand Total: 425 creatures vanquished

Notes
Turn   | Place    | Note
-------+----------+-------------------------------------------
     0 | D:1      | MalarOregon the Merfolk Gladiator began the quest for the
                  | Orb.
     0 | D:1      | Reached XP level 1. HP: 16/16 MP: 1/1
   260 | D:1      | Reached XP level 2. HP: 19/22 MP: 2/2
   592 | D:2      | Reached skill level 5 in Polearms
   654 | D:2      | Reached XP level 3. HP: 14/28 MP: 3/3
  1008 | D:2      | Found a runed door.
  1008 | D:2      | Noticed a human
  1027 | D:2      | Found a basalt altar of Yredelemnul.
  1053 | D:2      | Killed a human
  1053 | D:2      | Reached skill level 6 in Polearms
  1053 | D:2      | Reached skill level 1 in Spellcasting
  1053 | D:2      | Reached XP level 4. HP: 27/35 MP: 4/6
  1053 | D:2      | Reached XP level 5. HP: 32/41 MP: 4/7
  1800 | D:2      | Reached XP level 6. HP: 45/47 MP: 8/8
  1804 | D:2      | Found a deep blue altar of Sif Muna.
  2031 | D:3      | Reached skill level 5 in Dodging
  2067 | D:3      | Found a snail-covered altar of Cheibriados.
  2589 | D:3      | Found a hide-covered altar of Uskayaw.
  2592 | D:3      | Noticed Ijyb
  2619 | D:3      | Killed Ijyb
  2659 | D:3      | Noticed Sigmund
  2970 | D:3      | Killed Sigmund
  2970 | D:3      | Reached skill level 7 in Polearms
  2970 | D:3      | Reached XP level 7. HP: 36/53 MP: 10/10
  3649 | D:4      | Reached skill level 8 in Polearms
  3727 | D:4      | Found a shattered altar of Ashenzari.
  4178 | D:4      | Found a transporter.
  4206 | D:4      | Found a staircase to the Ecumenical Temple.
  4235 | D:4      | Reached XP level 8. HP: 37/61 MP: 12/12
  4547 | D:4      | Found a transporter.
  4754 | D:4      | Reached skill level 9 in Polearms
  4754 | D:4      | Reached skill level 1 in Shields
  4896 | D:4      | Found an iron altar of Okawaru.
  5214 | Temple   | Entered the Ecumenical Temple
  5362 | Temple   | Became a worshipper of Nemelex Xobeh the Trickster
  6015 | D:5      | Entered Level 5 of the Dungeon
  6015 | D:5      | Received a gift from Nemelex Xobeh
  6045 | D:5      | Reached skill level 1 in Invocations
  6096 | D:5      | Noticed Pikel
  6131 | D:5      | Noticed Grinder
  6145 | D:5      | Killed Pikel
  6145 | D:5      | Reached skill level 5 in Fighting
  6145 | D:5      | Reached skill level 10 in Polearms
  6145 | D:5      | Reached XP level 9. HP: 68/68 MP: 14/14
  6164 | D:5      | Paralysed by Grinder for 5 turns
  6173 | D:5      | Killed Grinder
  6776 | D:5      | Found Ibanecaa's General Store.
  6784 | D:5      | Bought a potion of curing for 33 gold pieces
  6784 | D:5      | Bought a potion of brilliance for 44 gold pieces
  6784 | D:5      | Bought a scroll of teleportation for 33 gold pieces
  6784 | D:5      | Bought a scroll of magic mapping for 38 gold pieces
  7021 | D:5      | Reached * piety under Nemelex Xobeh
  7067 | D:5      | Found a glowing silver altar of Zin.
  7362 | D:6      | Got a twitching bronze ring
  7363 | D:6      | Identified the cursed ring "Gubloqy" {+Blink rPois MR+ EV-2
                  | Str-2} (You found it on level 6 of the Dungeon)
  7395 | D:6      | Received a gift from Nemelex Xobeh
  7531 | D:6      | Reached skill level 5 in Throwing
  8777 | D:7      | Reached skill level 11 in Polearms
  9089 | D:7      | Found Sumnynt's Book Boutique.
  9215 | D:7      | Reached ** piety under Nemelex Xobeh
  9232 | D:7      | Got an iridescent hand axe
  9638 | D:8      | Reached XP level 10. HP: 55/76 MP: 16/16
 10115 | D:8      | Found a white marble altar of Elyvilon.
 10166 | D:8      | Noticed Prince Ribbit
 10177 | D:8      | Killed Prince Ribbit
 10579 | D:8      | Received a gift from Nemelex Xobeh
 10597 | D:8      | Reached skill level 12 in Polearms
 11065 | D:8      | Reached skill level 5 in Spellcasting
 11081 | D:8      | Reached skill level 1 in Evocations
 11737 | D:9      | Found a staircase to the Orcish Mines.
 11761 | D:9      | You fall through a shaft!
 11761 | D:10     | Entered Level 10 of the Dungeon
 11762 | D:10     | HP: 1/77 [orc/club (4)]
 12091 | D:10     | Received a gift from Nemelex Xobeh
 12128 | D:10     | Noticed an orange crystal statue
 12155 | D:10     | Noticed a death drake
 12155 | D:10     | a hippogriff changed into a death drake
 12156 | D:10     | a death drake changed into a water moccasin
 12172 | D:10     | Killed an orange crystal statue
 12181 | D:10     | Got a faintly glowing copper ring
 12624 | D:10     | Noticed an ice statue
 12748 | D:10     | Reached *** piety under Nemelex Xobeh
 13128 | D:10     | Noticed a gargoyle
 13193 | D:10     | Killed a gargoyle
 13453 | D:10     | Killed an ice statue
 13453 | D:10     | Reached XP level 11. HP: 67/83 MP: 19/19
 13554 | D:10     | Identified the ring "Ydoino" {rF+ rN+ Str+5 Int-4 Dex+3}
                  | (You found it on level 10 of the Dungeon)
 13651 | D:10     | Reached skill level 13 in Polearms
 13678 | D:10     | Reached skill level 5 in Shields
 14006 | D:10     | Found Ussumeud's Armour Shoppe.
 14355 | D:9      | Got a steaming leather armour
 15187 | D:9      | Found a staircase to the Lair.
 15515 | Lair:1   | Entered Level 1 of the Lair of Beasts
 15515 | Lair:1   | Received a gift from Nemelex Xobeh
 15565 | Lair:1   | HP: 3/84 [water moccasin (7)]
 16266 | Lair:1   | Noticed Sonja
 16286 | Lair:1   | Killed Sonja
 16612 | Lair:1   | Reached skill level 14 in Polearms
 16890 | Lair:1   | Received a gift from Nemelex Xobeh
 17251 | Lair:1   | Reached **** piety under Nemelex Xobeh
 17447 | Lair:1   | Received a gift from Nemelex Xobeh
 17604 | Lair:2   | Reached XP level 12. HP: 92/92 MP: 21/21
 17915 | Lair:2   | Reached skill level 10 in Dodging
 18081 | Lair:2   | Received a gift from Nemelex Xobeh
 18161 | Lair:2   | Identified the +1 leather armour "Vipt" {rC+} (You found it
                  | on level 9 of the Dungeon)
 18461 | Lair:3   | Noticed a four-headed hydra
 18476 | Lair:3   | Killed a four-headed hydra
 18530 | Lair:3   | Noticed a six-headed hydra
 18545 | Lair:3   | Noticed an alligator
 18545 | Lair:3   | a six-headed hydra changed into an alligator
 18563 | Lair:3   | Killed an alligator
 18847 | Lair:3   | Found a hole to the Spider Nest.
 19076 | Lair:3   | Found a radiant altar of Vehumet.
 19156 | Lair:3   | Reached ***** piety under Nemelex Xobeh
 19159 | Lair:3   | Received a gift from Nemelex Xobeh
 19264 | Lair:3   | Noticed a six-headed hydra
 19281 | Lair:2   | Killed a six-headed hydra
 19281 | Lair:2   | Reached skill level 5 in Evocations
 19377 | Lair:3   | Noticed an eight-headed hydra
 19384 | Lair:3   | Killed an eight-headed hydra
 20179 | Lair:3   | Received a gift from Nemelex Xobeh
 20384 | Lair:3   | Found a staircase to the Swamp.
 20620 | Lair:4   | Noticed Josephine
 20641 | Lair:4   | Reached XP level 13. HP: 31/101 MP: 24/24
 20642 | Lair:4   | Killed Josephine
 21399 | Lair:4   | Received a gift from Nemelex Xobeh
 21981 | Lair:5   | Reached skill level 10 in Fighting
 21982 | Lair:5   | Killed from afar by a twister

Skill      XL: |  1  2  3  4  5  6  7  8  9 10 11 12 13 |
---------------+----------------------------------------+-----
Polearms       | 5 6 7 8 10 11 12 14 | 14.0
Fighting       | 3 4 5 6 7 9 10 | 10.0
Spellcasting   | 1 2 3 4 5 6 7 8 |  8.2
Throwing       | 3 4 5 6 7 8 9 |  9.1
Dodging        | 5 6 7 8 9 11 12 | 12.0
Shields        | 2 3 4 6 7 8 |  8.3
Invocations    | 2 3 4 |  4.2
Evocations     | 2 4 5 |  5.1

Action                   |  1- 3 |  4- 6 |  7- 9 | 10-12 | 13-15 || total
-------------------------+-------+-------+-------+-------+-------++-------
Melee: Trident           |   120 |    97 |   284 |  1372 |   107 ||  1980
       Spear             |       |       |   257 |       |       ||   257
       Tailslap          |       |       |       |     5 |       ||     5
 Fire: Hunting sling     |       |    34 |    57 |    50 |       ||   141
Throw: Stone             |     1 |       |     5 |       |       ||     6
       Tomahawk          |       |       |     5 |     5 |     4 ||    14
 Abil: Evoke Berserk Rag |       |       |     1 |       |       ||     1
Evoke: Wand              |       |       |     2 |    14 |       ||    16
       Deck              |       |       |     1 |    26 |     9 ||    36
       Lamp of fire      |       |       |       |     1 |       ||     1
       Sack of spiders   |       |       |       |     1 |     3 ||     4
  Use: Scroll            |       |       |    14 |    10 |       ||    24
       Potion            |       |       |     3 |     9 |       ||    12
 Stab: Sleeping          |     1 |     1 |     1 |       |       ||     3
       Confused          |       |       |     2 |     3 |       ||     5
       Paralysed         |       |       |       |    25 |       ||    25
       Distracted        |       |       |       |     3 |     2 ||     5
  Eat: Chunk             |       |     6 |    13 |    21 |     3 ||    43
       Ration            |       |       |     6 |     5 |       ||    11
Armor: Leather armour    |    21 |    12 |    88 |    79 |       ||   200
       Skin              |       |       |     7 |     8 |       ||    15
       Scale mail        |       |       |       |   211 |    15 ||   226
Dodge: Dodged            |    95 |    44 |   245 |   543 |    35 ||   962
Block: Shield            |       |       |   158 |   576 |    47 ||   781
